 Dungeon Crawl Stone Soup version 0.31-a0-604-g8e0283293c (webtiles) character file.

Game seed: 10380924409006180477

1860345 MackTheKnife the Middleweight Champion (level 26, 266/266 HPs)
             Began as a Minotaur Monk on Aug 21, 2023.
             Was a High Priest of Fedhas.
             Escaped with the Orb
             ... and 3 runes on Aug 22, 2023!
             The game lasted 02:35:28 (57325 turns).

MackTheKnife the Middleweight Champion (MiMo)      Turns: 57325, Time: 02:35:29

Health: 266/266    AC: 42    Str: 26    XL:     26   Next: 98%
Magic:  34/34      EV: 20    Int:  5    God:    Fedhas [*****.]
Gold:   4060       SH: 21    Dex: 23    Spells: 25/25 levels left

rFire   + .          .
                       - Unarmed
rCold   + + +        W - +5 kite shield {rC+}
rNeg    + . .        k - +9 storm dragon scales {rare}
rPois   .            d - +2 hat
rElec   +            U - +4 dragonskin cloak
rCorr   .            j - +1 pair of gloves of Disaster {-Cast rC+++ Will+++ Str-2}
SInv    .            S - +1 pair of boots "Foefin" {Str+2}
Will    ++++.        v - amulet of Vitality {RegenMP++ Regen++}
Stlth   +            b - ring of Vomp {rF+ Dex+4}
HPRegen 2.24/turn    E - ring of Xom's Whimsicality {Fly rN+ Str+6 Int-2}
MPRegen 1.04/turn

%: no spellcasting
@: flying, studying 3 skills
A: horns 2, retaliatory headbutt, hooves 1, iridescent scales 1, cold resistance
1, deformed body, screaming 1, electricity resistance, weak 1, inability to
drink after injury 2
0: Orb of Zot
}: 3/15 runes: barnacled, silver, gossamer
a: Renounce Religion, Wall of Briars, Grow Ballistomycete, Overgrow, Grow Oklob


You escaped.
You worshipped Fedhas.
Fedhas was extremely pleased with you.
You visited 10 branches of the dungeon, and saw 48 of its levels.
You also visited: Bailey, Ice Cave and Desolation.

You collected 7027 gold pieces.
You spent 2967 gold pieces at shops.


Innate Abilities, Weirdness & Mutations

You have a pair of horns on your head.
You reflexively headbutt those who attack you in melee.
You have large cloven feet.
You are partially covered in iridescent scales. (AC +2)
Your flesh is cold resistant. (rC+)
Armour fits poorly on your strangely shaped body.
You occasionally shout uncontrollably at your foes.
You are resistant to electric shocks. (rElec)
You are weak. (Str -2)
You sometimes lose the ability to drink potions when taking damage.


   Skills:
 O Level 27 Fighting
 O Level 27 Armour
 - Level 16.0 Dodging
 - Level 12.0 Stealth
 + Level 17.5 Shields
 O Level 27 Unarmed Combat
 - Level 16.0 Invocations
 - Level 10.0 Evocations


You had 25 spell levels left.
You didn't know any spells.
Your spell library contained the following spells:

 Spells                   Type           Power      Damage    Failure   Level
 Apportation              Tloc           0%         N/A       85%         1
 Foxfire                  Conj/Fire      0%         2x1d4     85%         1
 Kiss of Death            Conj/Necr      0%         2d5       85%         1
 Magic Dart               Conj           0%         1d3       85%         1
 Necrotise                Necr           0%         1d4       85%         1
 Summon Small Mammal      Summ           0%         N/A       85%         1
 Blink                    Tloc           0%         N/A       94%         2
 Call Imp                 Summ           0%         N/A       94%         2
 Cigotuvi's Dreadful Rot  Necr/Pois/Air  0%         N/A       94%         2
 Ensorcelled Hibernation  Hex/Ice        0%         N/A       94%         2
 Lesser Beckoning         Tloc           0%         N/A       94%         2
 Passwall                 Tmut/Erth      0%         N/A       94%         2
 Call Canine Familiar     Summ           0%         N/A       99%         3
 Confusing Touch          Hex            0%         N/A       99%         3
 Dazzling Flash           Conj/Hex       0%         N/A       99%         3
 Frozen Ramparts          Ice            0%         1d1       99%         3
 Ignite Poison            Fire/Tmut/Pois 0%         N/A       99%         3
 Inner Flame              Hex/Fire       0%         N/A       99%         3
 Mephitic Cloud           Conj/Pois/Air  0%         N/A       99%         3
 Ozocubu's Armour         Ice            0%         N/A       99%         3
 Portal Projectile        Hex/Tloc       0%         N/A       99%         3
 Stone Arrow              Conj/Erth      0%         3d7       99%         3
 Swiftness                Air            0%         N/A       99%         3
 Tukima's Dance           Hex            0%         N/A       99%         3
 Vhi's Electric Charge    Tloc/Air       0%         N/A       99%         3
 Volatile Blastmotes      Fire/Tloc      0%         2d10      99%         3
 Animate Armour           Summ/Erth      0%         N/A       100%        4
 Animate Dead             Necr           0%         N/A       100%        4
 Cause Fear               Hex            0%         N/A       100%        4
 Dispel Undead            Necr           0%         3d6       100%        4
 Flame Wave               Conj/Fire      0%         2d4       100%        4
 Fulminant Prism          Conj/Hex       0%         3d5       100%        4
 Iskenderun's Mystic Bla  Conj/Tloc      0%         2d3       100%        4
 Leda's Liquefaction      Hex/Erth       0%         N/A       100%        4
 Manifold Assault         Tloc           0%         N/A       100%        4
 Olgreb's Toxic Radiance  Pois           0%         N/A       100%        4
 Passage of Golubria      Tloc           0%         N/A       100%        4
 Petrify                  Tmut/Erth      0%         N/A       100%        4
 Sticky Flame             Conj/Fire      0%         2d3       100%        4
 Agony                    Necr           0%         N/A       100%        5
 Arcjolt                  Conj/Air       0%         1d10      100%        5
 Fireball                 Conj/Fire      0%         3d3       100%        5
 Freezing Cloud           Conj/Ice/Air   0%         6-21      100%        5
 Metabolic Englaciation   Hex/Ice        0%         N/A       100%        5
 Silence                  Hex/Air        0%         N/A       100%        5
 Yara's Violent Unravell  Hex/Tmut       0%         3d3       100%        5
 Plasma Beam              Fire/Air       0%         2x1d10    100%        6
 Simulacrum               Ice/Necr       0%         N/A       100%        6
 Starburst                Conj/Fire      0%         6d3       100%        6
 Haunt                    Necr/Summ      0%         N/A       100%        7
 Malign Gateway           Summ/Tloc      0%         N/A       100%        7
 Ozocubu's Refrigeration  Ice            0%         4d7       100%        7
 Spellforged Servitor     Conj/Summ      0%         N/A       100%        7
 Borgnjor's Revivificati  Necr           0%         N/A       100%        8
 Discord                  Hex            0%         N/A       100%        8
 Ignition                 Fire           0%         3d3       100%        8
 Infestation              Necr           0%         N/A       100%        8
 Lehudib's Crystal Spear  Conj/Erth      0%         10d2      100%        8
 Summon Horrible Things   Summ           0%         N/A       100%        8
 Death's Door             Necr           0%         N/A       100%        9
 Dragon's Call            Summ           0%         N/A       100%        9
 Fire Storm               Conj/Fire      0%         5d1       100%        9
 Polar Vortex             Ice            0%         N/A       100%        9

Inventory:

Hand Weapons
 y - the +6 long sword of the Heavens {venom, rElec SInv, long}
   (You took it off a black draconian on level 3 of the Realm of Zot)

   rElec:     It insulates you from electricity.
   SInv:      It lets you see invisible.
Armour
 d - a +2 hat (worn)
   (You bought it in a shop on level 2 of the Orcish Mines)
 j - the +1 pair of gloves of Disaster (worn) {-Cast rC+++ Will+++ Str-2}
   (You found it on level 2 of the Shoals)

   Str-2:     It affects your strength (-2).
   rC+++:     It renders you almost immune to cold.
   Will+++:   It greatly increases your willpower.
   -Cast:     It prevents spellcasting.
 k - +9 storm dragon scales (worn) {rare}
   (You took it off Margery on level 4 of the Vaults)
 C - +9 gold dragon scales {rare}
   (You took it off Parghit on level 2 of the Realm of Zot)
 S - the +1 pair of boots "Foefin" (worn) {Str+2}
   (You acquired it on level 1 of the Realm of Zot)

   Str+2:     It affects your strength (+2).
 U - the +4 dragonskin cloak (worn)
   (You took it off Tiamat on level 2 of the Realm of Zot)

   Avatar's Aegis: It grants the wearer a chance to resist fire, cold, poison,
   electricity, acid, and negative energy.
 W - a +5 kite shield of cold resistance (worn)
   (You found it in an ice cave)
Jewellery
 a - a ring of poison resistance
   (You found it on level 5 of the Lair of Beasts)
 b - the ring of Vomp (left hand) {rF+ Dex+4}
   (You found it on level 3 of the Shoals)

   [ring of protection from fire]

   Dex+4:     It affects your dexterity (+4).
   rF+:       It protects you from fire.
 r - the ring "Debur" {rN+ rCorr}
   (You found it on level 11 of the Dungeon)

   [ring of resist corrosion]

   rN+:       It protects you from negative energy.
   rCorr:     It protects you from acid and corrosion.
 v - the amulet of Vitality (around neck) {RegenMP++ Regen++}
   (You acquired it in a bailey)

   [amulet of magic regeneration]

   RegenMP:   It increases your rate of magic regeneration.
   Regen++:   It increases your rate of health regeneration.
 E - the ring of Xom's Whimsicality (right hand) {Fly rN+ Str+6 Int-2}
   (You found it in an ice cave)

   [ring of positive energy]

   Str+6:     It affects your strength (+6).
   Int-2:     It affects your intelligence (-2).
   rN+:       It protects you from negative energy.
   Fly:       It grants you flight.
 H - a ring of see invisible
   (You found it on level 10 of the Dungeon)
Wands
 m - a wand of light (33)
   (You took it off Erolcha on level 1 of the Orcish Mines)
 q - a wand of digging (7)
   (You found it on level 1 of the Orcish Mines)
 x - a wand of iceblast (24)
   (You took it off an orc on level 5 of the Dungeon)
 F - a wand of paralysis (52)
   (You found it on level 13 of the Dungeon)
 G - a wand of mindburst (19)
   (You found it on level 5 of the Vaults)
 M - a wand of flame (92)
   (You found it on level 2 of the Lair of Beasts)
 P - a wand of polymorph (26)
   (You found it on level 3 of the Lair of Beasts)
Scrolls
 e - 7 scrolls of vulnerability {!r!r}
 g - 11 scrolls of poison {!r}
 h - 3 scrolls of silence {!r}
 i - 4 scrolls of blinking {!r}
 l - 14 scrolls of teleportation {@r4}
 n - 2 scrolls of summoning
 s - 7 scrolls of amnesia
 u - a scroll of revelation
 A - 2 scrolls of immolation {!r!r}
 N - 5 scrolls of fear
 T - a scroll of fog
Potions
 o - 12 potions of curing {@q1}
 p - 3 potions of resistance
 t - 11 potions of heal wounds {@q2}
 w - 4 potions of cancellation
 z - 6 potions of haste {@q3}
 B - 5 potions of invisibility
 D - a potion of mutation {!q}
 I - 4 potions of magic
 K - 9 potions of enlightenment
 L - 7 potions of ambrosia
 Q - 5 potions of might
 R - 8 potions of attraction {!q}
 V - 2 potions of berserk rage {!q}
 X - 3 potions of lignification {!q}
Miscellaneous
 c - a tin of tremorstones (2/2) {throwing}
   (You found it on level 15 of the Dungeon)
 f - a phial of floods
   (You found it on level 5 of the Vaults)
 J - a box of beasts
   (You found it in the Desolation of Salt)
 O - a phantom mirror
   (You found it on level 4 of the Shoals)
 Y - a lightning rod (4/4)
   (You found it on level 3 of the Shoals)

Dungeon Overview and Level Annotations

Branches:
Dungeon (15/15)            Temple (1/1) D:5            Lair (5/5) D:11
 Shoals (4/4) Lair:2       Spider (4/4) Lair:2        Slime (0/5) Lair:4
    Orc (2/2) D:10            Elf (3/3) Orc:2        Vaults (5/5) D:13
  Crypt (0/3) Vaults:2     Depths (4/4) D:15            Zot (5/5) Depths:4
 Bailey (visited)           IceCv (visited)         Desolation (visited)

Altars:
Ashenzari
Cheibriados
Dithmenos
Elyvilon
Fedhas
Gozag
Hepliaklqana
Kikubaaqudgha
Makhleb
Nemelex Xobeh
Okawaru
Qazlal
Ru
Sif Muna
Trog
Uskayaw
Vehumet
Wu Jian
Xom
Yredelemnul
Zin
The Shining One
Jiyva

Shops:
D:2 !   D:4 *   D:15 [   Orc:2 ![[(?   Elf:2 !   Elf:3 *   Shoals:3 *
Vaults:4 [

Portals:
Hell: Depths:1 Depths:2 Depths:3 Depths:4
Abyss: Depths:3
Pandemonium: Depths:2 Depths:4
Ziggurat: Depths:2
Trove: Depths:3 (give +5 ice dragon scales)

Annotations:
D:2 1 runed translucent door, Crazy Yiuf
D:5 exclusion: downstairs
D:10 3 transporters
Shoals:3 3 runed translucent doors, Waxy's ghost, adept SpEn; Wusuin's ghost, adept MiBe
Elf:1 1 runed translucent door
Elf:2 5 runed translucent doors
Elf:3 3 runed translucent doors, zero's ghost, adept GrEE
Vaults:1 2 transporters, Kejiv's ghost, adept AtNe
Depths:1 1 runed translucent door
Depths:3 exclusion: upstairs

.# #.##########.##########......
## #.#..#.............#..##.#.#.
### #.#.#...............#.#....#.
..# #.##.......#.#.......###.###.
#.# ###......#.#.#.#......##..##.
#.# #.....##.#.#.##.....#......
#.# #.......⌠#.#⌠.......###.###
#.# ###..#######.#######..###.###
#.# #...........@................
..###.#..#######.#######..#....##
####..#.......⌠#.#⌠.......##...#
####.##.....##.#.#.##.....##...##
......#......#.#.#.#......#......
########.......#.#.......###...#.
#.#...............#.##...#.
#..#.............#..#....#.
##########.###########.....


There were no monsters in sight!


Message History

You pummel the Tzitzimitl like a punching bag!!!
Your headbutt misses the Tzitzimitl.
You squash the Tzitzimitl like an ant!!!
You kill the Tzitzimitl!
Fedhas accepts your kill.
Aiming: Dig
Press: ? - help, Shift-Dir - straight line A rock wall.
This square is covered in magical glow.
The rock shatters into small pieces.
You yell at the soul eater!
A soul eater comes into view.
There is a stone staircase leading up here.
You fly upwards.
Level annotation: exclusion: downstairs
There is a stone staircase leading down here.
What level of the Dungeon? (default 1, ? - help)
An Ice Fiend comes into view.
The Ice Fiend gestures at you. The bolt of cold hits you. You resist. 😕 HP[-5]
You take 5 damage, and now have 261/266 hp.
The Ice Fiend gestures at you. The bolt of cold misses you. 😕 HP[+2]
You regained 2 hp, and now have 263/266 hp. 😎 HP[+3]
Your hp is fully restored (266).
You pummel the Ice Fiend!!
You headbutt the Ice Fiend, but do no damage.
You pummel the Ice Fiend!! Your headbutt misses the Ice Fiend.
You block the Ice Fiend's attack. x2
You barely miss the Ice Fiend. Your headbutt misses the Ice Fiend.
You hit the Ice Fiend but do no damage. Your headbutt misses the Ice Fiend.
You block the Ice Fiend's attack.
The Ice Fiend claws you but does no damage.
You punch the Ice Fiend! You hit the Ice Fiend. You headbutt the Ice Fiend.
You block the Ice Fiend's attack. The Ice Fiend completely misses you.
You pummel the Ice Fiend!! You pummel the Ice Fiend!!
You kill the Ice Fiend!
Fedhas accepts your kill.
No target in view!
What level of the Dungeon? (default 1, ? - help)
There is a basalt altar of Yredelemnul here.
You see here a +2 heavy falchion {long}.
There is an open door here.
There is a stone staircase leading up here.
You fly upwards.
There is a stone staircase leading down here.
A chaos spawn comes into view.
The chaos spawn moves out of view.
There is a stone staircase leading up here.
You fly upwards.
There is a stone staircase leading down here.
What level of the Dungeon? (default 1, ? - help)
A cacodemon comes into view.
A sixfirhy comes into view.
The cacodemon gestures at you.
Strange energies course through your body.
You lose the ability to drink potions when taking damage more often.
There is a stone staircase leading up here.
You fly upwards.
Level annotation: 1 runed translucent door, Crazy Yiuf
There is a stone staircase leading down here.
What level of the Dungeon? (default 1, ? - help)
An Orb Guardian comes into view.
There is a stone staircase leading up here.
You hit the Orb Guardian but do no damage.
Your headbutt misses the Orb Guardian. You block the Orb Guardian's attack.
You punch the Orb Guardian! You block the Orb Guardian's attack.
You closely miss the Orb Guardian. You headbutt the Orb Guardian!
You punch the Orb Guardian!
You headbutt the Orb Guardian, but do no damage.
The Orb Guardian closely misses you. You furiously retaliate!
You headbutt the Orb Guardian! You punch the Orb Guardian!
You headbutt the Orb Guardian, but do no damage.
You block the Orb Guardian's attack.
You punch the Orb Guardian! You headbutt the Orb Guardian.
You block the Orb Guardian's attack.
You punch the Orb Guardian! You headbutt the Orb Guardian.
The Orb Guardian closely misses you. You furiously retaliate!
You headbutt the Orb Guardian!
You kill the Orb Guardian!
Fedhas accepts your kill.
No target in view!
No target in view!
You fly upwards.
There is a stone staircase leading down here.
There is an open door here.
You see here a staff of cold {!astaff}.
There is an open door here.
A blizzard demon comes into view.
Blink to where?
Press: ? - help, Dir - move target
As you read the scroll of blinking {!r}, it crumbles to dust.
There is a staircase leading out of the dungeon here.
You have escaped!

Skill      XL: |  1  2  3  4  5  6  7  8  9 10 11 12 13 14 15 16 17 18 19 20 21 22 23 24 25 26 |
---------------+-------------------------------------------------------------------------------+-----
Fighting       | 4 6 7 10 12 13 14 16 17 18 19 21 23 25 27 | 27.0
Unarmed Combat | 4 5 6 7 9 11 13 14 15 16 17 18 19 20 21 22 24 25 27 | 27.0
Armour         | 1 4 7 8 10 12 13 14 17 20 22 27 | 27.0
Dodging        | 5 8 9 10 12 14 16 | 16.0
Invocations    | 9 10 15 16 | 16.0
Evocations     | 6 8 9 10 | 10.0
Shields        | 13 14 16 17 | 17.5
Stealth        | 12 | 12.0

Action                     |  1- 3 |  4- 6 |  7- 9 | 10-12 | 13-15 | 16-18 | 19-21 | 22-24 | 25-27 || total
---------------------------+-------+-------+-------+-------+-------+-------+-------+-------+-------++-------
  Melee: Unarmed           |    85 |    95 |   353 |   540 |   987 |  1306 |  1535 |  1307 |  1211 ||  7419
         Headbutt          |     8 |    13 |    95 |   156 |   301 |   393 |   504 |   472 |   421 ||  2363
 Invoke: Grow Ballistomyce |       |       |       |     4 |    15 |    16 |    12 |     4 |     6 ||    57
         Grow Oklob        |       |       |       |     1 |    11 |    18 |     7 |     4 |    13 ||    54
         Wall of Briars    |       |       |       |       |     3 |     2 |     2 |     1 |       ||     8
         Overgrow          |       |       |       |       |       |       |       |       |     1 ||     1
  Evoke: Wand              |       |       |     1 |    11 |    11 |     5 |    10 |     3 |     8 ||    49
         Tin of tremorston |       |       |       |       |       |     4 |     6 |     3 |     2 ||    15
         Lightning rod     |       |       |       |       |       |     3 |     4 |       |       ||     7
         Phantom mirror    |       |       |       |       |       |     1 |     1 |       |     1 ||     3
         Box of beasts     |       |       |       |       |       |       |     1 |       |       ||     1
    Use: Scroll            |       |     2 |     5 |    10 |     9 |    16 |    21 |     6 |     9 ||    78
         Potion            |       |       |     1 |     5 |       |     9 |     6 |     3 |     6 ||    30
   Stab: Invisible         |       |       |     1 |     1 |     4 |       |     2 |     2 |       ||    10
         Confused          |       |       |       |     3 |     3 |    18 |    12 |     6 |     5 ||    47
         Distracted        |       |       |       |       |     2 |     2 |    16 |     4 |    10 ||    34
         Paralysed         |       |       |       |       |     2 |       |     2 |       |       ||     4
         Sleeping          |       |       |       |       |       |     6 |    22 |     6 |     1 ||    35
         Fleeing           |       |       |       |       |       |       |     1 |       |       ||     1
 Armour: Chain mail        |    40 |    47 |   154 |   167 |   229 |       |       |       |       ||   637
         Swamp dragon scal |       |       |       |       |   164 |   327 |   123 |       |       ||   614
         Storm dragon scal |       |       |       |       |       |       |   244 |   358 |   373 ||   975
  Dodge: Dodged            |    22 |    37 |   145 |   229 |   612 |   707 |   688 |   496 |   399 ||  3335
  Block: Kite shield       |       |       |       |       |       |  1202 |  1126 |   833 |   707 ||  3868

Levels and vault maps discovered:
D:1:      matt_arrival_grand_opening, layout_loops_corners,
          amcnicky_mini_pool_small
D:2:      layout_rooms, serial_shops, nicolae_shop_back_alley_shop,
          nicolae_hexahallways, kennysheep_generic_room_7, uniq_robin,
          uniq_sigmund, uniq_crazy_yiuf_cottage, uniq_natasha
D:3:      layout_rooms, mainiacjoe_overflow_brackets,
          worldfamousw_hep_ancestral_shrine
D:4:      layout_cave_pools, grunt_temple_overflow_opulence,
          minmay_misc_feat_plants, minmay_misc_feat_diagonals,
          serial_bayou_ford_a, kennysheep_nub, minmay_shop_grid_forest
D:5:      layout_basic, mainiacjoe_overflow_paths,
          eat_drink_and_be_merry_uskayaw, minmay_temple_entry_gardened_gates,
          uniq_eustachio
D:6:      layout_basic, minmay_unpleasant_kobolds
D:7:      lemuel_ratsnest, layout_basic
D:8:      layout_basic
D:9:      layout_loops_corners, nicolae_qazlal_style_of_elements,
          pdpol_wu_jian_five_deadly_venoms, uniq_joseph
D:10:     layout_long_grid, zombieorc2_lemuel, enter_bailey_5,
          nicolae_diode_intersection
D:11:     minmay_tri_box, layout_loops_ring, grunt_lair_entry_orc_guard_hut,
          uniq_fannar
D:12:     layout_cross, hangedman_ranch
D:13:     layout_roguey, hellmonk_vaults_attempted_burglary
D:14:     layout_loops_corners, portal_ice_cave_entry_horrid_things,
          hellmonk_okawaru_the_only_friend_you_need
D:15:     hangedman_depths_entry_try_elsewhere_first, layout_basic,
          minivault_11, serial_shops, nicolae_shop_waterfront, uniq_josephine,
          uniq_azrael, uniq_rupert
Temple:   dpeg_chambers_temple
Lair:1:   layout_misc_corridors, uniq_urug
Lair:2:   nzn_winding_woodlands_large [nzn_winding_woodlands_5x5_checkerboard,
          nzn_winding_woodlands_5x15_twine, nzn_winding_woodlands_5x5_perimeter,
          nzn_winding_woodlands_center_diamonds,
          nzn_winding_woodlands_15x15_boxy_spiral,
          nzn_winding_woodlands_center_lodge,
          nzn_winding_woodlands_5x5_open_star,
          nzn_winding_woodlands_5x15_split_checker,
          nzn_winding_woodlands_5x5_cross], layout_chaotic_city,
          minmay_shoals_entry_beasts, dummy_spider_entry
Lair:3:   layout_cave_pods, grunt_forest_large_clearing_hut, uniq_kirke
Lair:4:   layout_cave_pods, minmay_slime_entry_oklob_enclosed, st_stairs_3,
          grunt_megastairs_2
Lair:5:   guppyfry_lair_end_dragon, layout_hall_layers
Shoals:1: layout_shoals, uniq_louise
Shoals:2: layout_shoals, gammafunk_ghost_tricky_traps
Shoals:3: nicolae_shoals_lighthouse, layout_shoals, gammafunk_ghost_cemetery,
          serial_shops, nicolae_shop_peninsula
Shoals:4: shoals_end_hellmonk_lost_city, uniq_polyphemus
Spider:1: gammafunk_boulding_lane, uniq_nikola, uniq_frances
Spider:2: layout_spider_delve, uniq_arachne
Spider:3: layout_spider_delve, nicolae_spider_orb_run
Spider:4: grunt_spider_rune_circles, einodemon_crawler_minivault
Orc:1:    layout_caves, basic_altar, mines3_lemuel, uniq_erolcha
Orc:2:    st_orc_open, layout_caves, serial_shops, shop
Elf:1:    nicolae_elf_arrival_no_cutting_in_line, layout_rooms,
          minmay_elf_demonology, nicolae_danse_macabre
Elf:2:    elven_hall_of_blades_hangedman_alternative [nicolae_blade_tridents],
          layout_loops_ring, serial_shops, nicolae_shop_back_alley_shop
Elf:3:    minmay_elf_hall_dome, layout_loops_ring, ebering_ghost_gozag,
          small_statue_intersection, hangedman_elf_represent
Vaults:1: gammafunk_ghost_wrathful_warriors, nicolae_vaults_network_square,
          sword_in_stone, nicolae_vaults_storage_room_doors,
          nicolae_vaults_what_the_h, vaults_room_semicircle,
          layout_vaults_omnigrid
Vaults:2: minmay_crypt_entry_nasty_monster, vaults_room_hallway,
          v_alt_pattern_1, hangedman_vaults_maws, ontoclasm_vaults_hangar,
          nicolae_vaults_shrinking_rooms_1, nicolae_vaults_hexular_roomagon,
          ontoclasm_vaults_hangar, nicolae_vaults_house_1,
          ontoclasm_vaults_hangar, layout_vaults_maze_bifur
Vaults:3: nicolae_vaults_octothorpe, nicolae_vaults_loss_of_containment,
          nicolae_vaults_offset_grid_hallway_2, v_misc_16,
          nicolae_vaults_tetromino_L_2, nicolae_vaults_apartment_2,
          vaults_room_stairs_pillars, nicolae_vaults_little_squares_2,
          nicolae_vaults_specimen_jars, vaults_room_corners,
          layout_vaults_omnibox
Vaults:4: portal_desolation_entry_twin_temple, v_misc_3,
          ontoclasm_vaults_loading_screen, v_misc_19,
          hangedman_vaults_corner_blocks, v_misc_8, dpeg_vaults_monster_row,
          hangedman_vaults_locks, v_rooms_2, v_misc_16, nicolae_vaults_meeting,
          nicolae_vaults_border_crossing, ontoclasm_vaults_loading_screen,
          layout_vaults_omnicross, serial_shops, shop, uniq_xtahua, uniq_aizul,
          uniq_margery
Vaults:5: serial_shops
Depths:1: layout_cave_shapes, pf_hell_entry_great_geh, minmay_misc_feat_rows,
          minmay_hidden_floor, serial_bayou_shore_a
Depths:2: cheibrodos_birdhouse, layout_cave_shapes, enter_ziggurat_b,
          hell_entry, serial_rivers, chequers_serial_rivers_small_b,
          chequers_serial_rivers_micro_c, chequers_serial_rivers_room_b,
          chequers_serial_rivers_micro_c, chequers_serial_rivers_micro_c,
          pan_entry, infiniplex_staircase_zigzag_4, firewood_loft
Depths:3: minmay_the_grid_net [minmay_the_grid_dragon_a,
          minmay_the_grid_odd_star, minmay_the_grid_minigrid_small,
          minmay_the_grid_zigzag_pyramid, minmay_the_grid_empty,
          minmay_the_grid_prize_big_room], layout_cave_shapes, enter_trove_6,
          hangedman_tar_grid_catacomb, hangedman_decor_riveting,
          hangedman_abyss_entry_splay, xom_redecorated
Depths:4: evilmike_zot_entry_basic, layout_long_grid, chequers_hall_statues_y,
          pan_entry, serial_sigils, serial_sigils_hangedman_clutch,
          serial_sigils_hangedman_confine, serial_sigils_hangedman_writhe,
          serial_sigils_hangedman_gut, serial_sigils_hangedman_quiver,
          serial_sigils_hangedman_snap, hell_entry
Zot:1:    layout_gridlike, grunt_megastairs_3, uniq_vv
Zot:2:    layout_gridlike, hellmonk_body_bag, uniq_tiamat, uniq_parghit
Zot:3:    layout_onion
Zot:4:    lemuel_halls_of_wrath, layout_gridville
Zot:5:    layout_basic

Notes
Turn   | Place    | Note
-------+----------+-------------------------------------------
     0 | D:1      | MackTheKnife the Minotaur Monk began the quest for the Orb.
     0 | D:1      | Reached XP level 1. HP: 19/19 MP: 0/0
     0 | D:1      | magus.rc [v1.9.6]
   374 | D:1      | Reached skill level 4 in Fighting
   409 | D:1      | Reached XP level 2. HP: 22/27 MP: 1/1
  1150 | D:2      | Reached skill level 4 in Unarmed Combat
  1172 | D:2      | You pick up a book of Minor Magic and begin reading...
  1172 | D:2      | You add the spells Magic Dart, Call Imp and Mephitic Cloud
                  | to your library.
  1230 | D:2      | Reached XP level 3. HP: 34/34 MP: 2/2
  1315 | D:2      | You pick up a book of Flames and begin reading...
  1315 | D:2      | You add the spells Inner Flame, Sticky Flame and Flame Wave
                  | to your library.
  1471 | D:2      | Noticed Robin
  1495 | D:2      | Killed Robin
  1500 | D:2      | Reached XP level 4. HP: 41/41 MP: 3/3
  1507 | D:2      | Reached skill level 5 in Fighting
  1541 | D:2      | Noticed Natasha
  1549 | D:2      | Killed Natasha
  1558 | D:2      | Noticed Natasha
  1563 | D:2      | Killed Natasha
  1619 | D:2      | Noticed Sigmund
  1629 | D:2      | Killed Sigmund
  1630 | D:2      | Reached skill level 6 in Fighting
  1630 | D:2      | Reached skill level 5 in Unarmed Combat
  1630 | D:2      | Reached XP level 5. HP: 18/51 MP: 4/4
  1630 | D:2      | Reached XP level 6. HP: 21/58 MP: 5/5
  1762 | D:2      | Found Kuyhic's Distillery.
  1766 | D:2      | Bought a potion of curing for 30 gold pieces
  2064 | D:2      | Found a runed translucent door.
  2065 | D:2      | Noticed Crazy Yiuf
  2181 | D:3      | Found a radiant altar of Vehumet.
  2333 | D:3      | Reached skill level 6 in Unarmed Combat
  2511 | D:3      | Found a hazy altar of Hepliaklqana.
  2679 | D:4      | Identified the +3 leather armour of Qazlal, Conjuring
                  | {Rampage Str-5 SInv Stlth+}
  2783 | D:4      | Found an opulent altar of Gozag.
  2783 | D:4      | Found a sparkling altar of Nemelex Xobeh.
  2950 | D:3      | Reached skill level 7 in Fighting
  3002 | D:4      | You fall into a shaft and drop 2 floors!
  3065 | D:6      | You pick up a book of Fire and begin reading...
  3065 | D:6      | You add the spells Foxfire, Plasma Beam and Starburst to
                  | your library.
  3196 | D:6      | Reached skill level 1 in Armour
  3196 | D:6      | Reached XP level 7. HP: 65/66 MP: 6/6
  3204 | D:6      | Reached skill level 2 in Armour
  3233 | D:6      | Reached skill level 7 in Unarmed Combat
  3331 | D:6      | Reached skill level 3 in Armour
  3388 | D:6      | Noticed a steam dragon
  3391 | D:5      | Entered Level 5 of the Dungeon
  3488 | D:5      | Found a basalt altar of Yredelemnul.
  3516 | D:5      | Found a staircase to the Ecumenical Temple.
  3525 | Temple   | Entered the Ecumenical Temple
  3554 | Temple   | Became a worshipper of Fedhas Madash
  3554 | Temple   | Reached * piety under Fedhas
  3554 | Temple   | Reached ** piety under Fedhas
  3680 | D:5      | Reached skill level 4 in Armour
  3685 | D:5      | Reached XP level 8. HP: 60/73 MP: 7/7
  3688 | D:5      | Reached skill level 8 in Unarmed Combat
  3776 | D:5      | Found a hide-covered altar of Uskayaw.
  3798 | D:5      | You pick up a book of the Dragon and begin reading...
  3798 | D:5      | You add the spells Cause Fear, Fireball and Dragon's Call
                  | to your library.
  3843 | D:5      | Reached skill level 5 in Armour
  3973 | D:5      | Noticed Eustachio
  3985 | D:5      | Killed Eustachio
  4553 | D:4      | Found Egomec Munu's Assorted Antiques.
  4918 | D:6      | Reached skill level 6 in Armour
  5120 | D:6      | Reached skill level 4 in Dodging
  5190 | D:6      | Reached skill level 9 in Unarmed Combat
  5199 | D:6      | HP: 14/67 [wight/+3 mace (7)]
  5213 | D:6      | Reached *** piety under Fedhas
  5554 | D:6      | Reached skill level 7 in Armour
  5554 | D:6      | Reached skill level 5 in Dodging
  5554 | D:6      | Reached XP level 9. HP: 56/79 MP: 8/8
  6254 | D:7      | Reached skill level 6 in Dodging
  6263 | D:7      | Reached **** piety under Fedhas
  6267 | D:7      | Reached skill level 10 in Unarmed Combat
  6782 | D:7      | HP: 18/79 [poisoned by a kobold]
  6787 | D:7      | HP: 10/79 [poisoned by a kobold]
  6792 | D:7      | HP: 6/79 [poisoned by a kobold]
  7604 | D:8      | Reached skill level 7 in Dodging
  8333 | D:9      | Reached skill level 11 in Unarmed Combat
  8382 | D:9      | Found a stormy altar of Qazlal.
  8624 | D:9      | Reached skill level 8 in Dodging
  8627 | D:9      | Reached ***** piety under Fedhas
  8831 | D:9      | Noticed a two-headed ogre
  8839 | D:9      | Killed a two-headed ogre
  8840 | D:9      | Reached XP level 10. HP: 54/88 MP: 9/9
  9169 | D:2      | Bought a potion of experience for 500 gold pieces
  9169 | D:2      | Reached skill level 9 in Invocations
  9169 | D:2      | Reached XP level 11. HP: 93/93 MP: 9/17
  9350 | D:9      | You pick up a book of Touch and begin reading...
  9350 | D:9      | You add the spells Kiss of Death, Confusing Touch and
                  | Dispel Undead to your library.
  9587 | D:9      | Found an ornate altar of the Wu Jian Council.
  9702 | D:9      | Reached skill level 10 in Invocations
  9851 | D:9      | Noticed Joseph
  9857 | D:9      | Paralysed by Joseph for 5 turns
  9872 | D:9      | Killed Joseph
  9873 | D:9      | Reached skill level 8 in Fighting
 10083 | D:9      | Reached skill level 8 in Armour
 10088 | D:10     | Entered Level 10 of the Dungeon
 10094 | D:10     | Found a staircase to the Orcish Mines.
 10159 | D:10     | Found a flagged portal.
 10186 | Bailey   | Entered a bailey
 10656 | Bailey   | Noticed an orc knight
 10661 | Bailey   | Killed an orc knight
 10662 | Bailey   | Reached skill level 12 in Unarmed Combat
 10827 | Bailey   | Noticed an orc high priest
 10847 | Bailey   | Reached skill level 9 in Fighting
 11001 | Bailey   | Found an iron altar of Okawaru.
 11035 | Bailey   | Killed an orc high priest
 11182 | Bailey   | Acquired a manual of Invocations
 11184 | Bailey   | Acquired the amulet of Vitality {RegenMP++ Regen++}
 11184 | Bailey   | Found the amulet of Vitality {RegenMP++ Regen++}
 11232 | D:10     | HP: 16/90 [wight/+1 heavy great sword (11)]
 11236 | D:10     | HP: 1/87 [wight/+5 halberd (14)]
 11339 | D:10     | Reached skill level 10 in Fighting
 11628 | D:10     | Found a transporter.
 11664 | D:10     | Found a transporter.
 11699 | D:10     | Found a transporter.
 11763 | D:10     | Reached skill level 13 in Unarmed Combat
 11848 | D:10     | Reached ****** piety under Fedhas
 12062 | D:11     | Noticed a deep elf pyromancer
 12070 | D:11     | Killed a deep elf pyromancer
 12071 | D:11     | Reached XP level 12. HP: 108/108 MP: 18/18
 12125 | D:11     | Identified the ring "Debur" {rN+ rCorr}
 12252 | D:11     | Noticed a two-headed ogre
 12266 | D:11     | Noticed a boulder beetle
 12299 | D:11     | Killed a two-headed ogre
 12300 | D:11     | Reached skill level 11 in Fighting
 12301 | D:11     | HP: 19/110 [boulder beetle (17)]
 12305 | D:11     | Killed a boulder beetle
 12430 | D:11     | Noticed Fannar
 12452 | D:11     | Killed Fannar
 12651 | D:11     | You add the spells Blink and Manifold Assault to your
                  | library.
 12758 | D:11     | Found a staircase to the Lair.
 12774 | D:11     | Reached skill level 14 in Unarmed Combat
 12857 | Lair:1   | Entered Level 1 of the Lair of Beasts
 12857 | Lair:1   | Noticed Urug
 12870 | D:11     | Reached skill level 12 in Fighting
 12973 | Lair:1   | Killed Urug
 12974 | Lair:1   | Reached skill level 11 in Invocations
 13019 | D:11     | magus.rc [v1.9.6]
 13026 | Lair:1   | You fall into a shaft and drop 1 floor!
 13335 | Lair:1   | Reached skill level 12 in Invocations
 13890 | Lair:2   | Reached skill level 13 in Invocations
 13996 | Lair:2   | Reached skill level 14 in Invocations
 14016 | Lair:2   | Found a hole to the Spider Nest.
 14218 | Lair:2   | Found a staircase to the Shoals.
 14337 | Lair:2   | Reached skill level 15 in Invocations
 14369 | Lair:2   | Reached XP level 13. HP: 112/118 MP: 23/23
 14786 | Lair:2   | Reached skill level 16 in Invocations
 15309 | Lair:3   | Noticed Kirke
 15319 | Lair:3   | Noticed a sphinx
 15537 | Lair:3   | Killed Kirke
 15855 | Lair:3   | Reached skill level 9 in Armour
 15867 | Lair:3   | Reached skill level 9 in Dodging
 16092 | Lair:3   | Reached skill level 13 in Fighting
 16788 | Lair:4   | Reached skill level 10 in Armour
 17068 | Lair:4   | Found a viscous altar of Jiyva.
 17069 | Lair:4   | Found a staircase to the Slime Pits.
 17247 | Lair:4   | Reached skill level 15 in Unarmed Combat
 17247 | Lair:4   | Reached XP level 14. HP: 129/129 MP: 25/25
 17372 | Lair:4   | Reached skill level 10 in Dodging
 17815 | Lair:5   | Entered Level 5 of the Lair of Beasts
 17996 | Lair:5   | Reached skill level 14 in Fighting
 18129 | Lair:5   | Reached skill level 16 in Unarmed Combat
 18136 | Lair:5   | Reached skill level 1 in Evocations
 18371 | Lair:5   | Reached skill level 2 in Evocations
 18539 | Lair:5   | Reached skill level 3 in Evocations
 18583 | Lair:5   | Reached skill level 4 in Evocations
 18638 | Lair:5   | You add the spells Olgreb's Toxic Radiance, Ignition and
                  | Discord to your library.
 18656 | Lair:5   | You pick up a book of Sloth and begin reading...
 18656 | Lair:5   | You add the spells Frozen Ramparts, Petrify and Metabolic
                  | Englaciation to your library.
 18905 | D:10     | magus.rc [v1.9.6]
 18907 | Orc:1    | Entered Level 1 of the Orcish Mines
 18912 | Orc:1    | Noticed an orc warlord
 18924 | Orc:1    | Killed an orc warlord
 18939 | Orc:1    | You fall into a shaft and drop 1 floor!
 18939 | Orc:2    | Entered Level 2 of the Orcish Mines
 18966 | Orc:2    | Noticed an orc warlord
 18985 | Orc:2    | Killed an orc warlord
 18986 | Orc:2    | Reached skill level 5 in Evocations
 19152 | Orc:2    | Reached skill level 6 in Evocations
 19303 | Orc:2    | Found Dila's Weapon Shoppe.
 19307 | Orc:2    | Found Zoomouwk's Antique Armour Emporium.
 19320 | Orc:2    | Found Guwn's Magic Scroll Shoppe.
 19321 | Orc:2    | Found Vuevait's Antique Armour Boutique.
 19372 | Orc:2    | Reached XP level 15. HP: 139/139 MP: 26/26
 19415 | Orc:2    | Bought a faintly humming chain mail for 228 gold pieces
 19415 | Orc:2    | Identified the +4 chain mail of Raafirgh {rC- rN+++ Regen+
                  | Dex-2} (You bought it in a shop on level 2 of the Orcish
                  | Mines)
 19418 | Orc:2    | Bought a pair of embroidered gloves for 180 gold pieces
 19432 | Orc:2    | Bought a glowing hat for 168 gold pieces
 19454 | Orc:2    | Bought 3 scrolls of blinking for 292 gold pieces
 19454 | Orc:2    | Bought a scroll of teleportation for 39 gold pieces
 19536 | Orc:2    | Found a staircase to the Elven Halls.
 19632 | Orc:2    | Found Nappasif's Distillery.
 19654 | Orc:2    | Bought a potion of enlightenment for 75 gold pieces
 20465 | Orc:1    | Noticed Erolcha
 20475 | Orc:1    | Killed Erolcha
 20937 | D:4      | Bought a scroll of blinking for 157 gold pieces
 21131 | D:11     | Reached skill level 11 in Armour
 21293 | D:12     | Reached skill level 11 in Dodging
 21467 | D:12     | Reached skill level 15 in Fighting
 21722 | D:13     | You pick up a book of Armaments and begin reading...
 21722 | D:13     | You add the spells Stone Arrow, Animate Armour and
                  | Lehudib's Crystal Spear to your library.
 21865 | D:13     | You pick up a book of Blasting and begin reading...
 21865 | D:13     | You add the spells Volatile Blastmotes, Fulminant Prism and
                  | Iskenderun's Mystic Blast to your library.
 22151 | D:13     | Found a gate to the Vaults.
 22405 | D:14     | Found a frozen archway.
 22411 | IceCv    | Entered an ice cave
 22432 | IceCv    | Reached skill level 17 in Unarmed Combat
 22447 | IceCv    | Reached skill level 12 in Armour
 22532 | IceCv    | Identified the +0 barding of the Heavens {rCorr}
 22658 | IceCv    | Found an ancient bone altar of Kikubaaqudgha.
 22665 | IceCv    | Reached skill level 12 in Dodging
 22875 | IceCv    | Noticed a lich
 22889 | IceCv    | Killed a lich
 22890 | IceCv    | Reached skill level 16 in Fighting
 23072 | IceCv    | Identified the ring of Xom's Whimsicality {Fly rN+ Str+6
                  | Int-2}
 23377 | D:14     | Reached XP level 16. HP: 123/151 MP: 27/27
 23390 | D:14     | Reached skill level 18 in Unarmed Combat
 23392 | D:14     | Reached skill level 1 in Shields
 23554 | D:14     | Reached skill level 2 in Shields
 23642 | D:14     | Found an iron altar of Okawaru.
 23684 | D:14     | Reached skill level 3 in Shields
 23861 | D:14     | You pick up a book of Touch and begin reading...
 23874 | D:14     | Reached skill level 4 in Shields
 24345 | Orc:2    | Bought a pair of boots for 108 gold pieces
 24357 | Orc:2    | Bought a shiny chain mail for 202 gold pieces
 24386 | Orc:2    | Bought a scroll of fog for 52 gold pieces
 24526 | D:15     | Entered Level 15 of the Dungeon
 24584 | D:15     | Found Qeummos's Antique Armour Shop.
 24606 | D:15     | Found a staircase to the Depths.
 24637 | D:15     | Reached skill level 5 in Shields
 24736 | D:15     | Reached skill level 6 in Shields
 24793 | D:15     | Reached skill level 7 in Shields
 24879 | D:15     | Noticed Josephine
 24887 | D:15     | Killed Josephine
 25031 | D:15     | Identified the +6 chain mail of Poul {Harm Str-3 Stlth+}
 25105 | D:15     | Noticed Rupert
 25111 | D:15     | Killed Rupert
 25112 | D:15     | Reached skill level 8 in Shields
 25300 | D:15     | Noticed Azrael
 25312 | D:15     | Killed Azrael
 25657 | Shoals:1 | Entered Level 1 of the Shoals
 25680 | Shoals:1 | Reached skill level 9 in Shields
 25864 | D:15     | Bought a masterwork chain mail for 342 gold pieces
 25864 | D:15     | Identified the +1 chain mail of the Slightly Bent {rPois
                  | Will- Regen+ Stlth+} (You bought it in a shop on level 15
                  | of the Dungeon)
 26043 | Lair:2   | magus.rc [v1.9.6]
 26060 | Shoals:1 | Noticed Louise
 26078 | Shoals:1 | Killed Louise
 26081 | Shoals:1 | a +0 eveningstar of flaming {macerare=g}; a +0 plate
                  | armour; a +0 tower shield
 26103 | Shoals:1 | Reached skill level 10 in Shields
 26226 | Shoals:1 | U - a +0 eveningstar of flaming {macerare=g}
 26241 | Shoals:1 | You add the spells Tukima's Dance, Passage of Golubria and
                  | Yara's Violent Unravelling to your library.
 26380 | Shoals:1 | Reached skill level 11 in Shields
 26382 | Shoals:1 | Noticed a kraken
 26395 | Shoals:1 | Killed a kraken
 27034 | Shoals:2 | Reached skill level 12 in Shields
 27378 | Shoals:2 | Found a runed translucent gate.
 27379 | Shoals:2 | Found a runed translucent gate.
 27385 | Shoals:2 | Found a runed translucent gate.
 27386 | Shoals:2 | You add the spells Haunt, Borgnjor's Revivification and
                  | Death's Door to your library.
 27387 | Shoals:2 | Noticed Wusuin's ghost (adept MiBe)
 27393 | Shoals:2 | You pick up a book of the Hunter and begin reading...
 27393 | Shoals:2 | You add the spells Call Canine Familiar, Portal Projectile
                  | and Leda's Liquefaction to your library.
 27551 | Shoals:2 | Noticed a kraken
 27566 | Shoals:2 | HP: 31/151 [tentacle[a kraken] (18)]
 27585 | Shoals:2 | Killed a kraken
 28111 | Shoals:3 | Found a runed translucent gate.
 28112 | Shoals:3 | Found a runed translucent gate.
 28113 | Shoals:3 | Found a runed translucent gate.
 28115 | Shoals:3 | Noticed Wusuin's ghost (adept MiBe)
 28115 | Shoals:3 | Noticed Waxy's ghost (adept SpEn)
 28192 | Shoals:3 | Reached skill level 13 in Shields
 28227 | Shoals:3 | Reached XP level 17. HP: 158/158 MP: 28/28
 28241 | Shoals:3 | Reached skill level 13 in Dodging
 28262 | Shoals:3 | magus.rc [v1.9.6]
 28282 | Shoals:3 | You pick up a book of Ice and begin reading...
 28282 | Shoals:3 | You add the spells Simulacrum, Ozocubu's Refrigeration and
                  | Polar Vortex to your library.
 28609 | Shoals:3 | Noticed a kraken
 28621 | Shoals:3 | Killed a kraken
 28638 | Shoals:3 | Noticed a kraken
 28681 | Shoals:3 | Killed a kraken
 28704 | Shoals:3 | Noticed a kraken
 28743 | Shoals:3 | Killed a kraken
 28799 | Shoals:3 | Reached skill level 14 in Shields
 28807 | Shoals:3 | Noticed a kraken
 28821 | Shoals:3 | Reached skill level 14 in Dodging
 28832 | Shoals:3 | Killed a kraken
 28978 | Shoals:3 | magus.rc [v1.9.6]
 29030 | Shoals:3 | Identified the ring of Vomp {rF+ Dex+4}
 29250 | Shoals:3 | Found Cacux's General Store.
 29292 | Shoals:4 | Entered Level 4 of the Shoals
 29294 | Shoals:4 | Identified the orb of Infinity {*channel, rPois rC+}
 29655 | Shoals:4 | Noticed a sphinx
 29666 | Shoals:4 | Killed a sphinx
 29817 | Shoals:4 | Got a barnacled rune of Zot
 29856 | Shoals:4 | Noticed Polyphemus
 29888 | Shoals:4 | Killed Polyphemus
 29889 | Shoals:4 | Reached skill level 17 in Fighting
 30048 | Shoals:4 | Reached skill level 19 in Unarmed Combat
 30106 | Shoals:4 | Identified the +6 rapier "Nahuc" {freeze, rElec}
 30109 | Shoals:4 | Identified the +6 dagger of the Scuffed God {flame, rPois}
 30586 | Shoals:2 | Killed Wusuin's ghost
 30642 | Shoals:2 | Identified the +1 pair of gloves of Disaster {-Cast rC+++
                  | Will+++ Str-2}
 30657 | Shoals:2 | You drop a +0 eveningstar of flaming {macerare=g}.
 30792 | Spider:1 | Entered Level 1 of the Spider Nest
 30879 | Spider:1 | Noticed Frances
 30881 | Spider:1 | Noticed Nikola
 30887 | Spider:1 | Killed Frances
 30888 | Spider:1 | Reached XP level 18. HP: 129/171 MP: 29/29
 30899 | Spider:1 | Killed Nikola
 30900 | Spider:1 | Reached skill level 18 in Fighting
 30938 | Spider:1 | Found a transporter.
 30939 | Spider:1 | Found a transporter.
 30939 | Spider:1 | Found the +7 staff of the Meek {protect, meekguard}
 31197 | Spider:1 | You pick up a book of Armaments and begin reading...
 31260 | Spider:1 | You are sucked into a shaft and drop 1 floor!
 31594 | Spider:1 | Reached skill level 20 in Unarmed Combat
 31602 | Spider:1 | Reached skill level 1 in Stealth
 31606 | Spider:1 | Reached skill level 2 in Stealth
 31626 | Spider:1 | Got the +0 pair of boots of Resilience {+Blink Stlth+}
 31728 | Spider:2 | Reached skill level 3 in Stealth
 31740 | Spider:2 | Reached skill level 4 in Stealth
 31761 | Spider:2 | Reached skill level 5 in Stealth
 31782 | Spider:2 | Reached skill level 6 in Stealth
 32033 | Spider:2 | Reached skill level 7 in Stealth
 32035 | Spider:2 | Noticed Arachne
 32055 | Spider:2 | Killed Arachne
 32056 | Spider:2 | Reached skill level 8 in Stealth
 32451 | Spider:3 | Reached skill level 9 in Stealth
 32508 | Spider:3 | Reached skill level 10 in Stealth
 32732 | Spider:3 | Identified the +0 robe of Generosity {rN+ Str+4 Int-3}
 32769 | Spider:3 | Reached skill level 11 in Stealth
 32810 | Spider:3 | Identified the +0 scale mail of Ethics {Rampage Int+3}
 33058 | Spider:4 | Entered Level 4 of the Spider Nest
 33220 | Spider:4 | Reached skill level 12 in Stealth
 33606 | Spider:4 | You pick up a book of Minor Magic and begin reading...
 34086 | Spider:4 | Reached skill level 13 in Armour
 34146 | Spider:4 | Reached XP level 19. HP: 121/179 MP: 22/30
 34193 | Spider:4 | Paralysed by a jorogumo for 1 turns
 34382 | Spider:4 | Got a gossamer rune of Zot
 34437 | Spider:4 | Reached skill level 15 in Dodging
 34792 | Vaults:1 | Entered Level 1 of the Vaults
 34804 | Vaults:1 | magus.rc [v1.9.6]
 34959 | Vaults:1 | You are sucked into a shaft and drop 1 floor!
 34961 | Vaults:2 | Identified the staff "Giafov" {rF+ Earth}
 35133 | Vaults:2 | HP: 23/179 [vault warden/+2 heavy bardiche (40)]
 35366 | Vaults:1 | Reached skill level 14 in Armour
 35381 | Vaults:1 | Found a transporter.
 35639 | Vaults:1 | Noticed Frederick
 35645 | Vaults:1 | Noticed Sojobo
 35650 | Vaults:1 | Reached skill level 16 in Dodging
 35960 | Vaults:1 | Noticed Kejiv's ghost (adept AtNe)
 35961 | Vaults:1 | Found a bloodstained altar of Trog.
 35987 | Vaults:1 | Found a transporter.
 36426 | Vaults:1 | Paralysed by an air elemental for 1 turns
 36430 | Vaults:1 | Paralysed by an air elemental for 1 turns
 36430 | Vaults:1 | Killed Sojobo
 36441 | Vaults:1 | a +0 triple sword of electrocution {longrare=g}; a +2 scale
                  | mail of fire resistance; a storm talisman
 36442 | Vaults:1 | Killed Frederick
 36448 | Vaults:1 | a +0 triple sword of electrocution {longrare=g}; a +2 scale
                  | mail of fire resistance; a storm talisman
 36450 | Vaults:1 | y - a +0 triple sword of electrocution {longrare=g}
 36486 | Vaults:1 | Reached skill level 19 in Fighting
 36588 | Vaults:1 | You drop a +0 triple sword of electrocution {longrare=g}.
 36790 | Vaults:2 | Found a staircase to the Crypt.
 37085 | Vaults:2 | Paralysed by a formless jellyfish for 1 turns
 37107 | Vaults:2 | Reached skill level 21 in Unarmed Combat
 37174 | Vaults:2 | You pick up a book of the Senses and begin reading...
 37174 | Vaults:2 | You add the spells Dazzling Flash, Agony and Silence to
                  | your library.
 37686 | Vaults:3 | Reached XP level 20. HP: 193/193 MP: 31/31
 37964 | Vaults:4 | Noticed Xtahua
 37978 | Vaults:4 | Killed Xtahua
 37979 | Vaults:4 | Noticed Aizul
 38008 | Vaults:4 | Reached skill level 20 in Fighting
 38013 | Vaults:4 | Killed Aizul
 38113 | Vaults:4 | Noticed Margery
 38114 | Vaults:4 | magus.rc [v1.9.6]
 38115 | Vaults:4 | magus.rc [v1.9.6]
 38127 | Vaults:4 | Killed Margery
 38139 | Vaults:4 | a +2 long sword of flaming {long}; +1 storm dragon scales
                  | {rare}; the human corpse of Margery
 38139 | Vaults:4 | k - +1 storm dragon scales {rare}
 38159 | Vaults:4 | You finish putting on your +1 storm dragon scales {rare}.
 38176 | Vaults:4 | Found Fefri's Armour Shoppe.
 38214 | Vaults:4 | Identified the +3 scale mail of Past Mistakes {Int+2}
 38223 | Vaults:4 | your +1 storm dragon scales {rare} glow green for a moment.
 38224 | Vaults:4 | your +2 storm dragon scales {rare} glow green for a moment.
 38225 | Vaults:4 | your +3 storm dragon scales {rare} glow green for a moment.
 38226 | Vaults:4 | your +4 storm dragon scales {rare} glow green for a moment.
 38230 | Vaults:4 | Found a crumbling gateway.
 38256 | Desolati | Entered the Desolation of Salt
 38583 | Desolati | Reached skill level 22 in Unarmed Combat
 38767 | Desolati | Reached skill level 21 in Fighting
 38770 | Desolati | Reached skill level 15 in Armour
 38822 | Desolati | Got the Vellum of the Sun
 38823 | Desolati | Identified the +4 pair of gloves "Newkiyll" {Str+3}
 38865 | Desolati | Identified the +11 orcbow of Wyrd {antimagic, rElec Int+3}
 39013 | Desolati | You add the spells Apportation and Lesser Beckoning to your
                  | library.
 39013 | Desolati | Got the Cyclopedia of the Brume and Locality
 39020 | Desolati | Identified the amulet "Qeguh" {Faith rPois Int-4 Stlth+}
 39022 | Desolati | Identified the ring "Zuifohasm" {Wiz Str+5}
 39027 | Desolati | Identified the +6 longbow of Moral Flaws {speed, Int+2}
 39095 | Desolati | Identified the +0 plate armour of Reish {Stlth+}
 39353 | Vaults:4 | Reached skill level 16 in Armour
 39618 | Vaults:4 | Reached skill level 17 in Armour
 39657 | Vaults:4 | Reached XP level 21. HP: 151/204 MP: 32/32
 39848 | Vaults:4 | You pick up a book of Lightning and begin reading...
 39848 | Vaults:4 | You add the spells Vhi's Electric Charge and Arcjolt to
                  | your library.
 39884 | Vaults:4 | Reached skill level 18 in Armour
 40412 | Vaults:4 | Reached skill level 19 in Armour
 40773 | Depths:1 | Entered Level 1 of the Depths
 41251 | Depths:1 | Reached skill level 20 in Armour
 41626 | Depths:1 | Found a runed translucent door.
 42064 | Depths:1 | Found a gateway to Hell.
 42223 | Depths:1 | your +5 storm dragon scales {rare} glow green for a moment.
 42414 | Elf:1    | Entered Level 1 of the Elven Halls
 42437 | Elf:1    | Reached skill level 15 in Shields
 42770 | Elf:1    | Reached skill level 16 in Shields
 42824 | Elf:1    | Got Juumeabb's Almanac of the Gang
 43097 | Elf:1    | Found a runed translucent door.
 43097 | Elf:1    | Found a hide-covered altar of Uskayaw.
 43225 | Elf:2    | Reached skill level 8 in Evocations
 43225 | Elf:2    | Reached XP level 22. HP: 213/213 MP: 33/33
 43277 | Elf:2    | Found a huge runed translucent gate.
 43277 | Elf:2    | Found a huge runed translucent gate.
 43278 | Elf:2    | Found a huge runed translucent gate.
 43278 | Elf:2    | Found a huge runed translucent gate.
 43279 | Elf:2    | Found a huge runed translucent gate.
 43375 | Elf:2    | Reached skill level 9 in Evocations
 43583 | Elf:2    | Found Dunij's Distillery.
 43587 | Elf:2    | Bought a potion of mutation for 144 gold pieces
 43587 | Elf:2    | Bought a potion of mutation for 144 gold pieces
 43587 | Elf:2    | Bought a potion of heal wounds for 90 gold pieces
 43587 | Elf:2    | Bought a potion of might for 72 gold pieces
 43587 | Elf:2    | Bought a potion of cancellation for 144 gold pieces
 43587 | Elf:2    | Gained mutation: You are frail. (-10% HP) [potion of
                  | mutation]
 43588 | Elf:2    | Lost mutation: You are frail. (-10% HP) [potion of
                  | mutation]
 43588 | Elf:2    | Gained mutation: You are dopey. (Int -2) [potion of
                  | mutation]
 43588 | Elf:2    | Gained mutation: You are very dopey. (Int -4) [potion of
                  | mutation]
 43588 | Elf:2    | Gained mutation: You are weak. (Str -2) [potion of
                  | mutation]
 43589 | Elf:2    | Lost mutation: You are weak. (Str -2) [potion of mutation]
 43589 | Elf:2    | Lost mutation: You are very dopey. (Int -4) [potion of
                  | mutation]
 43589 | Elf:2    | Lost mutation: You are dopey. (Int -2) [potion of mutation]
 43589 | Elf:2    | Gained mutation: Your natural rate of healing is unusually
                  | fast. [potion of mutation]
 43589 | Elf:2    | Gained mutation: You are clumsy. (Dex -2) [potion of
                  | mutation]
 43589 | Elf:2    | Gained mutation: Your spells are a little harder to cast,
                  | but a little more powerful. [potion of mutation]
 43589 | Elf:2    | Gained mutation: You are resistant to electric shocks.
                  | (rElec) [potion of mutation]
 43901 | Elf:3    | Entered Level 3 of the Elven Halls
 43948 | Elf:3    | Reached XP level 23. HP: 220/220 MP: 34/34
 43987 | Elf:3    | Reached skill level 10 in Evocations
 44142 | Elf:3    | Found a runed translucent gate.
 44154 | Elf:3    | Found a runed translucent gate.
 44154 | Elf:3    | Found a runed translucent gate.
 44155 | Elf:3    | Found an opulent altar of Gozag.
 44155 | Elf:3    | Found Louvuraj's Assorted Antiques.
 44156 | Elf:3    | Noticed zero's ghost (adept GrEE)
 44665 | Elf:3    | Identified the +8 flail "Ucveytit" {flame, rN++ rCorr
                  | Dex+2}
 44677 | Elf:3    | a deep elf sorcerer comes into view. It is wielding the +6
                  | Majin-Bo {spellvamp, MP+6 Int+6}.
 44912 | Elf:3    | Identified the +8 sling "Garewon" {freeze, Fly rF+++ rC+
                  | Str+2 Int-2}
 44917 | Elf:3    | Identified the +3 quarterstaff of Seak {freeze, Str+4
                  | Dex+3}
 44924 | Elf:3    | You pick up a book of Death and begin reading...
 44924 | Elf:3    | You add the spells Animate Dead and Infestation to your
                  | library.
 44928 | Elf:3    | You pick up a book of Burglary and begin reading...
 44928 | Elf:3    | You add the spells Passwall, Ensorcelled Hibernation and
                  | Swiftness to your library.
 44961 | Elf:3    | Identified the +6 long sword of Zojunen {freeze, rPois
                  | Int+4 Dex-2}
 44972 | Elf:3    | Reached skill level 22 in Fighting
 45342 | Depths:2 | Reached skill level 23 in Unarmed Combat
 45774 | Depths:2 | Identified the +4 long sword "Qidow" {protect, MP+9 Str+4
                  | Dex-3 SInv}
 45824 | Depths:2 | your +6 storm dragon scales {rare} glow green for a moment.
 45856 | Depths:2 | Found a one-way gate leading to the halls of Pandemonium.
 45856 | Depths:2 | Identified the +10 flail of Expedience {flame, Fly rElec
                  | rN+ Will++}
 45863 | Depths:2 | Identified the +1 long sword of Luiliba {flame, Str+2 SInv}
 45967 | Depths:2 | Found a one-way gateway to a ziggurat.
 46249 | Depths:2 | magus.rc [v1.9.6]
 46249 | Depths:2 | magus.rc [v1.9.6]
 46522 | Depths:3 | Found a shimmering altar of Xom.
 46651 | Depths:3 | Found a portal to a secret trove of treasure.
 46678 | Depths:3 | Found a shimmering altar of Xom.
 46678 | Depths:3 | Found a shimmering altar of Xom.
 46679 | Depths:3 | Found a shimmering altar of Xom.
 46679 | Depths:3 | Found a shimmering altar of Xom.
 46777 | Depths:3 | Reached skill level 23 in Fighting
 46928 | Depths:3 | Noticed a juggernaut
 46941 | Depths:3 | Noticed a pearl dragon
 46943 | Depths:3 | Killed a juggernaut
 47085 | Depths:3 | Identified the +0 chain mail of the Volcano {Int+3}
 47110 | Depths:3 | Found a one-way gate to the infinite horrors of the Abyss.
 47126 | Depths:3 | +0 storm dragon scales {rare}; a storm dragon corpse
 47224 | Depths:3 | You add the spells Cigotuvi's Dreadful Rot, Ignite Poison
                  | and Freezing Cloud to your library.
 47597 | Depths:4 | Entered Level 4 of the Depths
 47598 | Depths:4 | magus.rc [v1.9.6]
 47625 | Depths:4 | Reached skill level 24 in Unarmed Combat
 47734 | Depths:4 | Reached XP level 24. HP: 236/236 MP: 34/34
 47974 | Depths:4 | You add the spells Malign Gateway and Summon Horrible
                  | Things to your library.
 48171 | Depths:4 | Found a gate to the Realm of Zot.
 48812 | Vaults:5 | Entered Level 5 of the Vaults
 48936 | Vaults:4 | Reached skill level 24 in Fighting
 49185 | Vaults:5 | Noticed a dread lich
 49205 | Vaults:4 | Killed a dread lich
 49534 | Vaults:5 | Identified the +1 war axe "Kickyas" {antimagic, Fragile rC-
                  | Int+9 Stlth+}
 49606 | Vaults:5 | Reached skill level 25 in Unarmed Combat
 49716 | Vaults:5 | your +7 storm dragon scales {rare} glow green for a moment.
 49717 | Vaults:5 | your +8 storm dragon scales {rare} glow green for a moment.
 49791 | Vaults:5 | Noticed a dread lich
 49806 | Vaults:5 | Killed a dread lich
 49807 | Vaults:5 | Reached skill level 25 in Fighting
 49949 | Vaults:5 | a yaktaur captain comes into view. It is wielding the +27
                  | heavy crossbow "Sniper" {heavy, Acc+∞ SInv}.
 49994 | Vaults:5 | +0 shadow dragon scales {rare}; a +2 glaive of flaming
                  | {polearm}; a shadow dragon corpse
 50034 | Vaults:5 | Identified +0 gold dragon scales
 50141 | Vaults:5 | +0 shadow dragon scales {rare}; a shadow dragon corpse
 50279 | Vaults:5 | +0 shadow dragon scales {rare}; a shadow dragon corpse
 50420 | Vaults:5 | Identified the +9 long sword "Itam Opsiph" {heavy, rElec}
 50552 | Vaults:5 | Reached XP level 25. HP: 253/253 MP: 34/34
 50583 | Vaults:5 | Reached skill level 26 in Unarmed Combat
 50600 | Vaults:5 | Got a silver rune of Zot
 51282 | Zot:1    | Entered Level 1 of the Realm of Zot
 51290 | Zot:1    | Acquired the +1 pair of boots "Foefin" {Str+2}
 51359 | Zot:1    | Reached skill level 26 in Fighting
 51521 | Zot:1    | Noticed Vv
 51551 | Zot:1    | Killed Vv
 51749 | Zot:1    | +0 shadow dragon scales {rare}; a shadow dragon corpse
 51839 | Zot:1    | Identified +0 gold dragon scales
 51841 | Zot:1    | +0 gold dragon scales {rare}; a golden dragon corpse
 51886 | Zot:1    | +0 gold dragon scales {rare}; a golden dragon corpse
 51917 | Zot:1    | Noticed an orb of fire
 51917 | Zot:1    | Gained mutation: You have sharp toenails. [an orb of fire]
 51924 | Zot:1    | Killed an orb of fire
 52363 | Zot:2    | Identified +9 gold dragon scales
 52363 | Zot:2    | Noticed Parghit
 52365 | Zot:2    | Reached skill level 27 in Unarmed Combat
 52388 | Zot:2    | Killed Parghit
 52390 | Zot:2    | 3 large rocks {=fthrowing}; +9 gold dragon scales {rare}
 52390 | Zot:2    | C - +9 gold dragon scales {rare}
 52539 | Zot:2    | Found the +4 dragonskin cloak
 52539 | Zot:2    | Tiamat, Avatar of the Dragonlord comes into view. She is
                  | wielding a +5 heavy glaive and wearing the +4 dragonskin
                  | cloak.
 52539 | Zot:2    | Noticed Tiamat
 52551 | Zot:2    | Here: Tiamat, wielding a +5 heavy glaive and wearing the +4
                  | dragonskin cloak (lightly wounded, confused)
 52551 | Zot:2    | Aim: Tiamat, wielding a +5 heavy glaive and wearing the +4
                  | dragonskin cloak (lightly wounded, confused, 92% to hit)
 52551 | Zot:2    | Aim: Tiamat, wielding a +5 heavy glaive and wearing the +4
                  | dragonskin cloak (lightly wounded, confused, 92% to hit)
 52554 | Zot:2    | Aim: Tiamat, wielding a +5 heavy glaive and wearing the +4
                  | dragonskin cloak (lightly wounded, confused, blind)
 52554 | Zot:2    | Aim: Tiamat, wielding a +5 heavy glaive and wearing the +4
                  | dragonskin cloak (lightly wounded, confused, blind)
 52565 | Zot:2    | Aim: Tiamat, wielding a +5 heavy glaive and wearing the +4
                  | dragonskin cloak (moderately wounded, covered in acid, ally
                  | target, 76% to hit)
 52565 | Zot:2    | Aim: Tiamat, wielding a +5 heavy glaive and wearing the +4
                  | dragonskin cloak (moderately wounded, covered in acid, ally
                  | target, 76% to hit)
 52593 | Zot:2    | Killed Tiamat
 52631 | Zot:2    | Reached skill level 27 in Fighting
 53176 | Zot:2    | Noticed a curse skull
 53202 | Zot:2    | Killed a curse skull
 53228 | Zot:2    | Identified the +0 plate armour "Potemun" {rElec}
 53228 | Zot:2    | Noticed a curse skull
 53290 | Zot:2    | Noticed a curse toe
 53293 | Zot:2    | Killed a curse skull
 53302 | Zot:2    | Killed a curse toe
 53303 | Zot:2    | Reached skill level 21 in Armour
 53765 | Zot:3    | Reached skill level 22 in Armour
 54004 | Zot:3    | Identified the +6 long sword of the Heavens {venom, rElec
                  | SInv}
 54030 | Zot:3    | Reached XP level 26. HP: 222/266 MP: 34/34
 54122 | Zot:3    | Reached skill level 23 in Armour
 54172 | Zot:3    | You pick up a book of Cantrips and begin reading...
 54172 | Zot:3    | You add the spells Necrotise and Summon Small Mammal to
                  | your library.
 54594 | Zot:4    | Identified +0 gold dragon scales
 54786 | Zot:4    | magus.rc [v1.9.6]
 54991 | Zot:4    | Reached skill level 24 in Armour
 55688 | Zot:5    | Entered Level 5 of the Realm of Zot
 55718 | Zot:5    | Identified the +6 chain mail of Absolutism {rF+ rCorr Str+2
                  | Stlth-}
 56062 | Zot:5    | Noticed an orb of fire
 56064 | Zot:5    | Noticed an orb of fire
 56066 | Zot:5    | Reached skill level 25 in Armour
 56066 | Zot:5    | Noticed an orb of fire
 56067 | Zot:5    | Gained mutation: You occasionally lose the ability to read
                  | scrolls when taking damage. [an orb of fire]
 56074 | Zot:5    | Gained mutation: Armour fits poorly on your strangely
                  | shaped body. [an orb of fire]
 56076 | Zot:5    | Lost mutation: Your spells are a little harder to cast, but
                  | a little more powerful. [an orb of fire]
 56077 | Zot:5    | Gained mutation: Potions are less effective at restoring
                  | your health. [an orb of fire]
 56080 | Zot:4    | Lost mutation: You occasionally lose the ability to read
                  | scrolls when taking damage. [potion of mutation]
 56080 | Zot:4    | Lost mutation: You have sharp toenails. [potion of
                  | mutation]
 56080 | Zot:4    | Gained mutation: You have sharp toenails. [potion of
                  | mutation]
 56080 | Zot:4    | Gained mutation: You occasionally shout uncontrollably at
                  | your foes. [potion of mutation]
 56080 | Zot:4    | Gained mutation: You occasionally lose the ability to drink
                  | potions when taking damage. [potion of mutation]
 56080 | Zot:4    | Gained mutation: Your flesh is cold resistant. (rC+)
                  | [potion of mutation]
 56081 | Zot:4    | Lost mutation: You are clumsy. (Dex -2) [potion of
                  | mutation]
 56081 | Zot:4    | Lost mutation: You have sharp toenails. [potion of
                  | mutation]
 56081 | Zot:4    | Lost mutation: Potions are less effective at restoring your
                  | health. [potion of mutation]
 56081 | Zot:4    | Gained mutation: You have large cloven feet. [potion of
                  | mutation]
 56081 | Zot:4    | Gained mutation: You are partially covered in iridescent
                  | scales. (AC +2) [potion of mutation]
 56112 | Zot:5    | Gained mutation: You have hidden genetic defects. [an orb
                  | of fire]
 56121 | Zot:5    | Killed an orb of fire
 56132 | Zot:5    | Killed an orb of fire
 56290 | Zot:5    | Noticed an ancient lich
 56313 | Zot:5    | Killed an ancient lich
 56375 | Zot:5    | Reached skill level 26 in Armour
 56410 | Zot:5    | Noticed an orb of fire
 56428 | Zot:5    | Killed an orb of fire
 56466 | Zot:5    | Gained mutation: You are weak. (Str -2) [hidden defects]
 56475 | Zot:5    | Noticed an orb of fire
 56476 | Zot:5    | Killed an orb of fire
 56486 | Zot:5    | Killed an orb of fire
 56501 | Zot:5    | Identified +0 gold dragon scales
 56522 | Zot:5    | +0 gold dragon scales {rare}; a golden dragon corpse
 56595 | Zot:5    | Reached skill level 27 in Armour
 56624 | Zot:5    | Got the Orb of Zot
 56666 | Zot:5    | Noticed an electric golem
 56676 | Zot:5    | Killed an electric golem
 56855 | Zot:2    | Reached skill level 17 in Shields
 56867 | Zot:2    | Lost mutation: Your natural rate of healing is unusually
                  | fast. [hidden defects]
 56867 | Zot:2    | Lost mutation: You have hidden genetic defects. [hidden
                  | defects expressed]
 57269 | D:3      | Gained mutation: You sometimes lose the ability to drink
                  | potions when taking damage. [a cacodemon]
 57325 | D:$      | Escaped with the Orb!

Vanquished Creatures
  Tiamat (Zot:2)
  2 dread liches
  An ancient lich (Zot:5)
  5 orbs of fire
  A juggernaut (Depths:3)
  5 Killer Klowns
  Parghit (Zot:2)
  Vv (Zot:1)
  A curse toe (Zot:2)
  Xtahua (Vaults:4)
  9 golden dragons
  Arachne (Spider:2)
  5 bone dragons
  An electric golem (Zot:5)
  A Tzitzimitl (D:6)
  An Ice Fiend (D:5)
  4 liches
  Rupert (D:15)
  27 Orb Guardians
  19 tentacled monstrosities
  A deep elf master archer (Elf:3)
  A deep elf blademaster (Elf:3)
  6 death cobs
  A walking divine tome (Depths:1)
  A sphinx (shapeshifter) (Vaults:5)
  4 quicksilver dragons
  7 sphinxes
  7 titans
  Polyphemus (Shoals:4)
  An ancient champion (Vaults:1)
  4 krakens (Shoals:3)
  Kirke (Lair:3)
  11 shadow dragons
  8 storm dragons
  4 draconian monks
  8 tengu reavers
  7 fire giants
  Aizul (Vaults:4)
  4 draconian knights
  8 emperor scorpions
  7 deep elf sorcerers
  19 vault wardens
  4 imperial myrmidons (Desolation)
  Louise (Shoals:1)
  4 iron dragons
  3 ghost moths
  14 frost giants
  2 curse skulls (Zot:2)
  6 draconian scorchers
  4 deep elf elementalists
  4 draconian shifters
  A juggernaut zombie (Depths:1)
  2 draconian stormcallers
  6 draconian annihilators
  22 very ugly things
  6 formless jellyfish
  A reaper (Depths:4)
  16 ironbound preservers
  19 stone giants
  5 war gargoyles
  A demonspawn corrupter (Zot:2)
  8 ironbound thunderhulks
  6 deep elf demonologists
  9 green draconians
  7 yellow draconians
  7 red draconians
  A halazid warlock (Desolation)
  A vampire knight (Depths:4)
  12 black draconians
  15 purple draconians
  8 deep elf annihilators
  A lorocyproca (Zot:2)
  8 white draconians
  Azrael (D:15)
  4 spark wasps
  2 minotaurs (Shoals:4)
  4 dire elephants
  4 deep elf death magi
  2 merfolk javelineers
  4 fire dragons
  23 ettins
  2 crystal guardians (Desolation)
  6 ragged hierophants (Desolation)
  Josephine (D:15)
  A merfolk impaler (Shoals:2)
  5 ice dragons
  4 deep elf high priests (Elf:3)
  Fannar (D:11)
  11 yaktaur captains
  2 entropy weavers
  4 great orbs of eyes
  2 rakshasas
  A hell beast (Zot:5)
  A caustic shrike simulacrum (IceCv)
  9 servants of whispers (Desolation)
  11 peacekeepers
  2 spriggan air magi
  33 vault guards
  2 catoblepae
  3 radroaches
  A death knight (D:14)
  3 ironbound frosthearts
  2 jorogumos
  5 ogre magi
  Erolcha (Orc:1)
  8 boulder beetles
  6 hydras
  5 merfolk aquamancers
  7 merfolk avatars
  8 deep troll shamans
  15 two-headed ogres
  A catoblepas (shapeshifter) (Vaults:3)
  14 centaur warriors
  21 dancing weapons
  10 tengu warriors
  4 satyrs (Shoals:4)
  6 death yaks
  5 deep troll earth magi
  2 vampire magi
  3 orc high priests
  3 hell knights (Vaults:4)
  2 spriggan berserkers
  A storm dragon zombie (Depths:1)
  12 demonic crawlers
  9 deep elf knights
  Urug (Lair:1)
  7 skysharks
  A shock serpent (shapeshifter) (Elf:3)
  11 iron trolls
  A soul eater (Zot:2)
  11 sea snakes
  A pharaoh ant (Spider:2)
  A death drake (shapeshifter) (Vaults:3)
  2 skeletal warriors (D:12)
  A swamp dragon (Lair:5)
  58 deep trolls
  A glowing orange brain (Zot:2)
  12 orb spiders
  A shadow demon (Zot:2)
  A goliath frog (shapeshifter) (Vaults:4)
  A flayed ghost (Depths:4)
  A bog body (IceCv)
  A sun moth (Spider:3)
  2 spriggan simulacra (IceCv)
  6 lindwurms (Vaults:1)
  A sea snake (shapeshifter) (Vaults:5)
  An obsidian statue (IceCv)
  3 phantasmal warriors
  13 deep elf archers
  3 necromancers
  38 deep elf zephyrmancers
  3 wizards
  4 steelbarb worms
  19 ironbound convokers
  23 harpies
  3 orc knights
  A tengu skeleton (Depths:1)
  30 deep elf pyromancers
  19 fauns
  41 ugly things
  2 fauns (shapeshifter)
  2 orc sorcerers (Elf:1)
  31 moths of wrath
  17 wolf spiders
  9 manticores
  A frost giant zombie (Depths:1)
  6 cyclopes
  Joseph (D:9)
  12 elephants
  6 torpor snails
  3 water nymphs
  10 merfolk sirens
  A torpor snail (shapeshifter) (Vaults:5)
  A molten gargoyle (Desolation)
  4 black mambas
  14 vault sentinels
  A hellion (D:6)
  A guardian serpent (Desolation)
  2 gargoyles
  32 yaktaurs
  20 cane toads
  An unseen horror (D:13)
  A yaktaur (shapeshifter) (Vaults:3)
  3 kobold demonologists
  3 efreet (Zot:4)
  3 tengu conjurers
  7 rime drakes
  16 komodo dragons
  16 freezing wraiths
  19 trolls
  4 polar bears
  2 anaconda simulacra (IceCv)
  7 wind drakes
  33 merfolk
  2 alligator simulacra (IceCv)
  62 saltlings (Desolation)
  A wolf spider simulacrum (D:15)
  3 meliai (Spider:4)
  2 hornets
  2 hornets (shapeshifter)
  22 tarantellas
  18 blink frogs
  6 snapping turtles
  7 dream sheep
  A dream sheep (shapeshifter) (D:13)
  34 slime creatures
  Sigmund (D:2)
  A spriggan (Lair:3)
  5 shadows
  17 water elementals
  3 wyverns
  3 dire elephant simulacra (IceCv)
  6 basilisks
  28 jumping spiders
  4 hogs (Lair:2)
  25 culicivoras
  5 wraiths (D:15)
  A hog (shapeshifter) (Elf:1)
  A human (shapeshifter) (D:14)
  4 steam dragons
  Eustachio (D:5)
  3 vampire mosquitoes
  28 yaks
  15 golden eyes (Zot:2)
  2 fire elementals (D:15)
  49 redbacks
  A warg (shapeshifter) (Vaults:5)
  2 wargs
  A harpy simulacrum (IceCv)
  4 acid dragons
  A hydra simulacrum (IceCv)
  16 water moccasins
  A hell hound (D:15)
  3 floating eyes (Zot:2)
  2 swamp drakes (Lair:5)
  2 ice beasts
  A black bear (shapeshifter) (Elf:2)
  4 black bears
  A sky beast (D:7)
  26 orc warriors
  2 ettin simulacra (IceCv)
  12 wolves
  A boggart (D:11)
  31 ogres
  12 centaurs
  A phantom (D:6)
  6 kobold brigands
  9 bullfrogs
  3 scorpions
  2 earth elementals
  18 wights
  3 killer bees (D:10)
  A lindwurm simulacrum (IceCv)
  5 electric eels (Bailey)
  2 howler monkeys
  5 hounds
  13 orc priests
  A hound (shapeshifter) (D:14)
  A gnoll bouda (D:7)
  4 iguanas
  6 jellies
  21 orc wizards
  Natasha (twice) (D:2)
  3 hell rats (D:7)
  8 ogre zombies (D:10)
  Robin (D:2)
  10 gnolls
  4 adders
  6 river rats (D:7)
  A shadow imp (D:7)
  4 white imps
  An ufetubus (D:5)
  A worm (D:2)
  73 orcs
  3 endoplasms
  2 giant cockroaches (D:3)
  24 goblins
  14 hobgoblins
  2 jackals (D:3)
  11 quokkas
  3 ball pythons
  6 bats
  5 frilled lizards
  A goblin skeleton (D:10)
  3 goblin zombies (D:10)
  A hobgoblin skeleton (D:10)
  3 hobgoblin zombies (D:10)
  25 kobolds
  3 orc skeletons (D:10)
  14 orc zombies (D:10)
  21 rats
  4 ballistomycete spores
  12 tentacles
2174 creatures vanquished.

Vanquished Creatures (collateral kills)
  An orb of fire (Zot:5)
  Sojobo (Vaults:1)
  Frederick (Vaults:1)
  Margery (Vaults:4)
  The ghost of Wusuin the Warrior, an adept MiBe of Trog (Shoals:2)
  An Orb Guardian (Zot:5)
  A quicksilver dragon (Zot:1)
  A lich (IceCv)
  Frances (Spider:1)
  2 Executioners
  2 krakens
  A draconian knight (Zot:4)
  A fire giant (Zot:4)
  A frost giant (Vaults:5)
  2 orc warlords
  A demonspawn black sun (Zot:2)
  An ironbound preserver (Vaults:4)
  A deep elf annihilator (Elf:3)
  A deep elf demonologist (Elf:3)
  An ettin (Orc:2)
  A spark wasp (Spider:4)
  A merfolk javelineer (Shoals:3)
  2 merfolk impalers
  A crystal guardian (Vaults:4)
  An entropy weaver (Spider:1)
  A peacekeeper (Vaults:4)
  4 merfolk aquamancers
  An ironbound frostheart (Vaults:4)
  A merfolk avatar (Shoals:4)
  2 two-headed ogres
  4 satyrs
  A dancing weapon (Elf:3)
  A large abomination (Zot:5)
  A hell knight (Vaults:4)
  2 skeletal warriors (D:12)
  A bog body (IceCv)
  A deep troll (Vaults:5)
  2 orb spiders (Spider:4)
  A deep elf archer (Elf:3)
  An orc knight (Orc:2)
  A harpy (Vaults:1)
  A necromancer (Vaults:4)
  2 deep elf pyromancers (Elf:3)
  A wolf spider (Spider:4)
  A deep elf zephyrmancer (Elf:3)
  A manticore (Shoals:4)
  3 fauns
  3 elephants (Lair:5)
  2 cyclopes
  A merfolk siren (Shoals:3)
  3 moths of wrath
  A cane toad (Lair:2)
  A komodo dragon (Lair:5)
  A kobold demonologist (D:12)
  6 freezing wraiths
  2 golden dragon simulacra (IceCv)
  An anaconda simulacrum (IceCv)
  An ice devil (IceCv)
  2 trolls (Orc:2)
  7 merfolk
  2 alligator simulacra (IceCv)
  A dream sheep (Lair:5)
  2 saltlings (Desolation)
  A hornet (shapeshifter) (Elf:3)
  2 slime creatures (D:12)
  A jumping spider (Spider:4)
  3 water elementals
  2 yaks (D:12)
  A fire elemental (D:15)
  5 redbacks
  A chaos spawn (Zot:5)
  A vampire mosquito (D:12)
  A warg (Orc:2)
  8 orc warriors
  An ettin simulacrum (IceCv)
  3 ogres
  3 deep troll simulacra (IceCv)
  3 lindwurm simulacra (IceCv)
  2 orc priests (Orc:2)
  4 orc wizards
  9 orcs
  306 ballistomycete spores
  2 tentacles
458 creatures vanquished.

Vanquished Creatures (others)
  Nikola (Spider:1)
  A sphinx (Shoals:4)
  A fire giant (Depths:4)
  A ghost moth (Zot:2)
  An ettin (Vaults:5)
  2 deep elf knights
  A deep elf archer (Elf:3)
  3 deep elf zephyrmancers
  A tarantella (Spider:3)
  A water elemental (Elf:1)
  A river rat (D:7)
  An orc (Elf:3)
  2 rats (D:7)
  24 ballistomycete spores
  44 tentacles
85 creatures vanquished.

Grand Total: 2717 creatures vanquished

Table legend:
 A = Non-vault XP
 B = Vault XP
 C = Vault XP percentage of total XP
 D = Non-vault monster count
 E = Vault monster count
 F = Vault count percentage of total count
                 A         B        C        D         E       F
            +---------+---------+-------+---------+---------+-------
      Total |  684638 |  649104 |  48.7 |    1349 |     949 |  41.3
            +---------+---------+-------+---------+---------+-------
        D:1 |      27 |       0 |   0.0 |      18 |       0 |   0.0
        D:2 |     127 |     300 |  70.3 |      24 |      16 |  40.0
        D:3 |     218 |       0 |   0.0 |      15 |       0 |   0.0
        D:4 |      95 |       0 |   0.0 |      13 |       0 |   0.0
        D:5 |     580 |     191 |  24.8 |      13 |       1 |   7.1
        D:6 |    1289 |     101 |   7.3 |      34 |       6 |  15.0
        D:7 |     724 |     206 |  22.2 |      16 |      28 |  63.6
        D:8 |     846 |       0 |   0.0 |      28 |       0 |   0.0
        D:9 |    2402 |     486 |  16.8 |      24 |       1 |   4.0
       D:10 |    2469 |     897 |  26.6 |      20 |      40 |  66.7
       D:11 |    5825 |    2917 |  33.4 |      21 |       9 |  30.0
       D:12 |   10175 |    1645 |  13.9 |      30 |       6 |  16.7
       D:13 |    7960 |     249 |   3.0 |      21 |       1 |   4.5
       D:14 |   10398 |    1989 |  16.1 |      21 |       3 |  12.5
       D:15 |    8635 |    7633 |  46.9 |      20 |      16 |  44.4
     Lair:1 |     649 |     782 |  54.6 |       3 |       1 |  25.0
     Lair:2 |    7651 |    9955 |  56.5 |      30 |      32 |  51.6
     Lair:3 |   11446 |    2958 |  20.5 |      38 |       4 |   9.5
     Lair:4 |    6735 |    1730 |  20.4 |      24 |       7 |  22.6
     Lair:5 |    9933 |    4948 |  33.3 |      24 |      15 |  38.5
   Shoals:1 |   17720 |    1227 |   6.5 |      33 |       1 |   2.9
   Shoals:2 |   15511 |    7968 |  33.9 |      31 |      12 |  27.9
   Shoals:3 |   12911 |   18952 |  59.5 |      24 |      34 |  58.6
   Shoals:4 |   10962 |   23803 |  68.5 |      19 |      34 |  64.2
   Spider:1 |    8820 |    6867 |  43.8 |      24 |       6 |  20.0
   Spider:2 |   20080 |    2235 |  10.0 |      48 |       1 |   2.0
   Spider:3 |   14159 |    4075 |  22.3 |      38 |       7 |  15.6
   Spider:4 |   19030 |   21414 |  52.9 |      43 |      46 |  51.7
      Orc:1 |    4761 |     841 |  15.0 |      45 |       1 |   2.2
      Orc:2 |    5261 |   14891 |  73.9 |      52 |      37 |  41.6
      Elf:1 |   20405 |    9069 |  30.8 |      35 |      17 |  32.7
      Elf:2 |   22104 |    4090 |  15.6 |      38 |       5 |  11.6
      Elf:3 |   24392 |   33718 |  58.0 |      43 |      35 |  44.9
   Vaults:1 |   36618 |   13871 |  27.5 |      57 |      10 |  14.9
   Vaults:2 |   21235 |    5483 |  20.5 |      29 |       5 |  14.7
   Vaults:3 |   14163 |    6685 |  32.1 |      19 |       9 |  32.1
   Vaults:4 |   44436 |   79643 |  64.2 |      61 |      79 |  56.4
   Vaults:5 |   24402 |   88160 |  78.3 |      30 |      70 |  70.0
   Depths:1 |   35670 |    4361 |  10.9 |      47 |       5 |   9.6
   Depths:2 |   26597 |    6859 |  20.5 |      29 |       7 |  19.4
   Depths:3 |   23934 |   21782 |  47.6 |      25 |      16 |  39.0
   Depths:4 |    8754 |    7318 |  45.5 |      10 |       7 |  41.2
      Zot:1 |   49313 |    7050 |  12.5 |      37 |       5 |  11.9
      Zot:2 |   47232 |   39309 |  45.4 |      39 |      42 |  51.9
      Zot:3 |   31473 |       0 |   0.0 |      26 |       0 |   0.0
      Zot:4 |   14418 |   32878 |  69.5 |      14 |      48 |  77.4
      Zot:5 |   22093 |   77678 |  77.9 |      16 |      34 |  68.0
     Bailey |       0 |    3449 | 100.0 |       0 |      37 | 100.0
      IceCv |       0 |   18107 | 100.0 |       0 |      51 | 100.0
 Desolation |       0 |   50334 | 100.0 |       0 |     102 | 100.0
            +---------+---------+-------+---------+---------+-------

Skill      XL: |  1  2  3  4  5  6  7  8  9 10 11 12 13 14 15 16 17 18 19 20 21 22 23 24 25 26 |
---------------+-------------------------------------------------------------------------------+-----
Fighting       | 4 6 7 10 12 13 14 16 17 18 19 21 23 25 27 | 27.0
Unarmed Combat | 4 5 6 7 9 11 13 14 15 16 17 18 19 20 21 22 24 25 27 | 27.0
Armour         | 1 4 7 8 10 12 13 14 17 20 22 27 | 27.0
Dodging        | 5 8 9 10 12 14 16 | 16.0
Invocations    | 9 10 15 16 | 16.0
Evocations     | 6 8 9 10 | 10.0
Shields        | 13 14 16 17 | 17.5
Stealth        | 12 | 12.0

Action                     |  1- 3 |  4- 6 |  7- 9 | 10-12 | 13-15 | 16-18 | 19-21 | 22-24 | 25-27 || total
---------------------------+-------+-------+-------+-------+-------+-------+-------+-------+-------++-------
  Melee: Unarmed           |    85 |    95 |   353 |   540 |   987 |  1306 |  1535 |  1307 |  1211 ||  7419
         Headbutt          |     8 |    13 |    95 |   156 |   301 |   393 |   504 |   472 |   421 ||  2363
 Invoke: Grow Ballistomyce |       |       |       |     4 |    15 |    16 |    12 |     4 |     6 ||    57
         Grow Oklob        |       |       |       |     1 |    11 |    18 |     7 |     4 |    13 ||    54
         Wall of Briars    |       |       |       |       |     3 |     2 |     2 |     1 |       ||     8
         Overgrow          |       |       |       |       |       |       |       |       |     1 ||     1
  Evoke: Wand              |       |       |     1 |    11 |    11 |     5 |    10 |     3 |     8 ||    49
         Tin of tremorston |       |       |       |       |       |     4 |     6 |     3 |     2 ||    15
         Lightning rod     |       |       |       |       |       |     3 |     4 |       |       ||     7
         Phantom mirror    |       |       |       |       |       |     1 |     1 |       |     1 ||     3
         Box of beasts     |       |       |       |       |       |       |     1 |       |       ||     1
    Use: Scroll            |       |     2 |     5 |    10 |     9 |    16 |    21 |     6 |     9 ||    78
         Potion            |       |       |     1 |     5 |       |     9 |     6 |     3 |     6 ||    30
   Stab: Invisible         |       |       |     1 |     1 |     4 |       |     2 |     2 |       ||    10
         Confused          |       |       |       |     3 |     3 |    18 |    12 |     6 |     5 ||    47
         Distracted        |       |       |       |       |     2 |     2 |    16 |     4 |    10 ||    34
         Paralysed         |       |       |       |       |     2 |       |     2 |       |       ||     4
         Sleeping          |       |       |       |       |       |     6 |    22 |     6 |     1 ||    35
         Fleeing           |       |       |       |       |       |       |     1 |       |       ||     1
 Armour: Chain mail        |    40 |    47 |   154 |   167 |   229 |       |       |       |       ||   637
         Swamp dragon scal |       |       |       |       |   164 |   327 |   123 |       |       ||   614
         Storm dragon scal |       |       |       |       |       |       |   244 |   358 |   373 ||   975
  Dodge: Dodged            |    22 |    37 |   145 |   229 |   612 |   707 |   688 |   496 |   399 ||  3335
  Block: Kite shield       |       |       |       |       |       |  1202 |  1126 |   833 |   707 ||  3868

Illustrated notes

Table legend:
 A = Kills in this place as a percentage of kills in the entire game.
 B = Kills by you in this place as a percentage of kills by you in the entire game.
 C = Kills by friends in this place as a percentage of kills by friends in the entire game.
 D = Other kills in this place as a percentage of other kills in the entire game.
 E = Experience gained in this place as a percentage of experience gained in the entire game.
 F = Experience gained in this place divided by the number of levels of this place that you have seen.
                   A       B       C       D       E      F
               +-------+-------+-------+-------+-------+----------------------
         Total | 100.0 | 100.0 | 100.0 | 100.0 | 100.0 | 26619.7
       Dungeon |  19.4 |  20.4 |   7.3 |   3.8 |   5.5 | 4962.8
          Lair |   7.7 |   7.9 |   4.0 |   7.7 |   4.2 | 11357.4
        Shoals |   8.1 |   7.3 |  20.0 |   3.8 |   8.0 | 27263.5
   Spider Nest |   9.2 |   9.2 |   8.7 |  11.5 |   7.1 | 24170.0
  Orcish Mines |   5.8 |   4.6 |  23.3 |   7.7 |   1.9 | 12877.0
   Elven Halls |   7.5 |   7.5 |   5.3 |  19.2 |   8.4 | 37926.0
        Vaults |  15.9 |  16.3 |   8.0 |  30.8 |  24.7 | 66939.2
        Depths |   6.3 |   6.8 |   0.0 |   3.8 |  10.0 | 34095.5
           Zot |  11.9 |  12.1 |   8.7 |  11.5 |  24.9 | 67628.4
        Bailey |   1.6 |   1.7 |   0.0 |   0.0 |   0.3 | 3449.0
      Ice Cave |   2.2 |   1.4 |  13.3 |   0.0 |   1.3 | 18107.0
    Desolation |   4.4 |   4.7 |   1.3 |   0.0 |   3.7 | 50334.0
               +-------+-------+-------+-------+-------+----------------------

Table legend: (Time is in decaauts)
 A = Elapsed time spent in this place.
 B = Non-inter-level travel time spent in this place.
 C = Inter-level travel time spent in this place.
 D = Time resting spent in this place.
 E = Time spent auto-exploring this place.
 F = Levels seen in this place.
 G = Mean time per level.
                   A        B        C        D        E       F      G
               +--------+--------+--------+--------+--------+-----+--------+
         Total |  55141 |  49062 |   6079 |   5109 |  27971 |  51 | 1081.2 |
       Dungeon |  16936 |  14080 |   2856 |   2091 |   8898 |  15 | 1129.1 |
        Temple |     56 |      3 |     53 |      0 |      0 |   1 |   56.0 |
          Lair |   6087 |   5550 |    537 |    604 |   3564 |   5 | 1217.4 |
        Shoals |   4590 |   4297 |    293 |    386 |   2279 |   4 | 1147.5 |
   Spider Nest |   3668 |   3475 |    193 |    330 |   1810 |   4 |  917.0 |
  Orcish Mines |   1862 |   1619 |    243 |    103 |    926 |   2 |  931.0 |
   Elven Halls |   2547 |   2371 |    176 |     37 |   1438 |   3 |  849.0 |
        Vaults |   6868 |   6074 |    794 |    372 |   3225 |   5 | 1373.6 |
        Depths |   4684 |   4228 |    456 |    171 |   2888 |   4 | 1171.0 |
           Zot |   5158 |   4684 |    474 |    370 |   2384 |   5 | 1031.6 |
        Bailey |   1000 |   1000 |      0 |    469 |    112 |   1 | 1000.0 |
      Ice Cave |    736 |    736 |      0 |    120 |    174 |   1 |  736.0 |
    Desolation |    944 |    944 |      0 |     54 |    271 |   1 |  944.0 |
               +--------+--------+--------+--------+--------+-----+--------+

Top non-repeatable levels by time:
Vaults:4: 1871 daAuts
  Lair:2: 1802 daAuts
Vaults:1: 1782 daAuts
     D:6: 1605 daAuts
     D:8: 1571 daAuts
Depths:1: 1554 daAuts
Vaults:5: 1545 daAuts
    D:11: 1481 daAuts
   Zot:2: 1423 daAuts
Spider:4: 1416 daAuts
     D:9: 1401 daAuts
    D:14: 1379 daAuts
  Lair:3: 1349 daAuts
Shoals:3: 1329 daAuts
   Orc:2: 1249 daAuts
